 Dungeon Crawl Stone Soup version 0.20-a0-983-g35de22d (webtiles) character file.

447 Murumi the Covert (level 7, -1/60 HPs)
             Began as a Naga Enchanter on Apr 10, 2017.
             Splashed by a jelly's acid (9 damage)
             ... on level 4 of the Dungeon.
             The game lasted 00:16:00 (4627 turns).

Murumi the Covert (Naga Enchanter)                  Turns: 4627, Time: 00:16:02

Health: -1/60      AC:  0    Str: 11    XL:     7   Next: 3%
Magic:  7/10       EV: 10    Int: 15    God:
Gold:   272        SH:  0    Dex: 13    Spells: 9/10 levels left

rFire    + . .     SeeInvis +   j - +5 dagger (venom)
rCold    . . .     Gourm    .   (no shield)
rNeg     . . .     Faith    .   b - +0 robe
rPois    +         Spirit   .   (no helmet)
rElec    .         Reflect  .   q - +0 cloak
rCorr    .         Harm     .   (no gloves)
MR       +....                  (no barding)
Stlth    ++++......             (no amulet)
Regen    0.2/turn               l - ring of protection from fire
MPRegen  0.2/turn               i - ring of protection from magic

@: corroded, very slightly contaminated, very slow
A: see invisible, deformed body, poison resistance, slowness 2, slow metabolism
1, spit poison 1, AC +2
a: Spit Poison


You were on level 4 of the Dungeon.
You were not hungry.

You visited 1 branch of the dungeon, and saw 4 of its levels.

You collected 272 gold pieces.

Inventory:

Hand Weapons
 j - a +5 dagger of venom (weapon)
Armour
 b - a +0 robe (worn)
 q - a +0 cloak (worn)
Jewellery
 g - an uncursed ring of flight
 i - a ring of protection from magic (right hand)
 l - a ring of protection from fire (left hand)
Scrolls
 e - 3 scrolls of fog
 f - 3 scrolls of fear
 k - 3 scrolls of teleportation
 n - 2 scrolls of remove curse
Potions
 h - 5 potions of curing
 o - a potion of might
 p - 2 potions of heal wounds
 r - a potion of invisibility {unknown}
 s - a potion of brilliance {unknown}
Books
 c - a book of Maledictions

   Spells                             Type                      Level
   a - Corona                         Hexes                        1
   b - Ensorcelled Hibernation        Hexes/Ice                    2
   c - Confuse                        Hexes                        3
   d - Tukima's Dance                 Hexes                        3
   e - Dazzling Spray                 Conjuration/Hexes            3
Comestibles
 a - 2 fruits
 d - 5 bread rations
 m - a meat ration
 t - a chunk of flesh


   Skills:
 - Level 2.2 Fighting
 - Level 2.0 Short Blades
 - Level 2.0 Dodging
 + Level 10.3 Stealth
 - Level 2.0 Spellcasting
 - Level 3.0 Hexes


You had 9 spell levels left.
You knew the following spells:

 Your Spells              Type           Power        Failure   Level  Hunger
a - Corona                Hex            ##.....      8%          1    #......


Dungeon Overview and Level Annotations

Branches:
Dungeon (4/15)
 Temple: D:4-7

Altars:
Okawaru

Annotations:
D:4 pzskc383's ghost, novice GrFi


Innate Abilities, Weirdness & Mutations

You cannot wear boots.
Your serpentine skin is tough. (AC +2)
You have supernaturally acute eyesight. (SInv)
Armour fits poorly on your strangely shaped body.
Your system is resistant to poisons. (rPois)
You cover ground very slowly.
You have a slow metabolism.
You can spit poison.


Message History

Aim: a jelly (heavily wounded, chance to defeat MR: 54%)
The jelly struggles to resist.
The jelly closely misses you.
Casting: Corona
Confirm with . or Enter, or press ? or * to list all spells.
Aiming: Corona
Press: ? - help, Shift-Dir - straight line, f/p - jelly
Aim: a jelly (heavily wounded, chance to defeat MR: 54%)
The jelly is outlined in light.
The jelly hits you but does no damage.
You hit the jelly.
Your hands burn!
The jelly is severely wounded.
The jelly hits you. The acid corrodes you!
You are splashed with acid!
The acid burns!
* * * LOW HITPOINT WARNING * * *
You hit the jelly.
Your hands burn!
* * * LOW HITPOINT WARNING * * *
The jelly is severely wounded.
The jelly hits you.
* * * LOW HITPOINT WARNING * * *
You are splashed with acid!
The acid burns!
You die...

...............#
#.#####...#.##.#
##..#.##.# #
#..#.##.#
#.#.######..#.##.#
#...))).....#.##.#
...[..######..#..#.#
#####
##J#..#.#######
#..@..?<......#
###...#.#####.#
#...#.#####.######
#.>..)............
###.#.###.#.######
.#.# #.#.# .#.#
#.#.# .... ..#.#
#.#.#


You could see a jelly.

Vanquished Creatures
  An ogre (D:4)
  A hound (D:4)
  3 orc priests (D:4)
  2 orc wizards (D:4)
  A worker ant (D:3)
  6 adders
  An ooze (D:2)
  A worm (D:3)
  A dart slug (D:1)
  10 orcs
  3 giant cockroaches
  11 goblins
  12 hobgoblins
  11 jackals
  8 kobolds
  7 bats
  12 frilled lizards
  A leopard gecko skeleton (D:4)
  A quokka skeleton (D:4)
  12 rats
105 creatures vanquished.

Notes
Turn   | Place    | Note
-------+----------+-------------------------------------------
     0 | D:1      | Murumi the Naga Enchanter began the quest for the Orb.
     0 | D:1      | Reached XP level 1. HP: 15/15 MP: 3/3
    78 | D:1      | Reached skill level 5 in Stealth
    89 | D:1      | Reached XP level 2. HP: 5/22 MP: 5/5
   650 | D:1      | Reached skill level 1 in Fighting
   754 | D:1      | Reached XP level 3. HP: 21/31 MP: 6/6
  1281 | D:2      | Reached skill level 6 in Stealth
  1398 | D:2      | Reached XP level 4. HP: 34/38 MP: 7/7
  1609 | D:2      | Reached skill level 7 in Stealth
  1812 | D:2      | Found a faded altar of an unknown god.
  2926 | D:3      | Found an iron altar of Okawaru.
  3031 | D:3      | Reached XP level 5. HP: 33/44 MP: 8/8
  3130 | D:3      | Reached skill level 8 in Stealth
  4000 | D:4      | Reached skill level 9 in Stealth
  4223 | D:4      | Reached XP level 6. HP: 43/51 MP: 9/9
  4463 | D:4      | Noticed pzskc383's ghost (novice GrFi)
  4593 | D:4      | Reached skill level 10 in Stealth
  4597 | D:4      | Reached XP level 7. HP: 60/60 MP: 10/10
  4627 | D:4      | Splashed by a jelly's acid

Vault maps used:
D:1:      dpeg_arrival_three_same_balls, minmay_quantized
D:2:      chequers_ecumenical_altar_twisty
D:3:      okawaru_metal_pillars_1_2
D:4:      minmay_temple_entry_mist, first_bread

Skill      XL: |  1  2  3  4  5  6 |
---------------+-------------------+-----
Stealth        | 5 6 7 9 10 | 10.3
Dodging        | 2 |  2.0
Fighting       | 1 2 |  2.2
Short Blades   | 2 |  2.0
Spellcasting   | |  2.0
Hexes          | |  3.0

Action                   |  1- 3 |  4- 6 |  7- 9 || total
-------------------------+-------+-------+-------++-------
Melee: Dagger            |    91 |   137 |    16 ||   244
 Cast: Corona            |     1 |       |     4 ||     5
 Abil: Spit Poison       |    14 |     4 |       ||    18
  Use: Scroll            |     6 |    11 |       ||    17
       Potion            |       |       |     2 ||     2
 Stab: Sleeping          |    14 |    16 |       ||    30
       Distracted        |       |     1 |       ||     1
  Eat: Chunk             |     1 |     9 |       ||    10
Armor: Robe              |    14 |    15 |     3 ||    32
Dodge: Dodged            |    37 |    58 |     8 ||   103
